 Dungeon Sprint DCSS version 0.31.0-12-g77e489cdc1 (webtiles) character file.

Game seed: 10578974057269909459

24 Heoruswealwe the Trooper (level 3, -3/36 HPs)
             Began as a Hill Orc Fighter on Feb 14, 2024.
             Slain by a sleepcap (13 damage)
             ... in the Dungeon (Sprint IX: "|||||||||||||||||||||||||||||").
             The game lasted 00:01:19 (100 turns).

Heoruswealwe the Trooper (Hill Orc Fighter)          Turns: 100, Time: 00:01:19

Health: -3/36      AC:  7    Str: 20    XL:     3   Next: 2%
Magic:  3/3        EV:  2    Int:  8    God:
Gold:   0          SH:  0    Dex: 10    Spells: 2/2 levels left

rFire   . . .        a - +0 war axe
rCold   . . .        d - +0 buckler
rNeg    . . .        c - +0 scale mail
rPois   .            (no helmet)
rElec   .            (no cloak)
rCorr   .            (no gloves)
SInv    .            (no boots)
Will    .....        (no amulet) Stlth
                     (no ring)
HPRegen 0.26/turn    (no ring)
MPRegen 0.08/turn

%: no teleportation
@: sleeping
A: no striking features
a: no special abilities


You were in the Dungeon.
You visited 1 branch

Inventory:

Hand Weapons
 a - a +0 war axe (weapon)
Armour
 c - a +0 scale mail (worn)
 d - a +0 buckler (worn)
Scrolls
 j - a scroll of blinking
Potions
 b - a potion of might
 e - a potion of curing
 f - a potion of heal wounds
 g - a potion of haste
 h - 2 potions of magic
 i - a potion of berserk rage


   Skills:
 + Level 5.0 Fighting
 + Level 4.5 Axes
 + Level 4.5 Armour
 + Level 4.5 Shields


You had 2 spell levels left.
You didn't know any spells.
Your spell library was empty.

Dungeon Overview and Level Annotations

Branches:
Dungeon (1/1)

Altars:


Message History

The gnoll is almost dead.
The gnoll hits you but does no damage. x2
You hit the gnoll.
You kill the gnoll!
Your Axes skill increases to level 4!
Your Armour skill increases to level 4!
Your Shields skill increases to level 4!
You have reached level 2!
You hit the white imp.
The white imp is moderately wounded.
The white imp hits you. The white imp freezes you.
You closely miss the white imp.
The white imp is moderately wounded.
The white imp closely misses you.
The white imp hits you but does no damage.
You slash the white imp!
You kill the white imp!
You miss the quokka. You block the quokka's attack. The quokka bites you.
You hit the quokka.
The quokka is heavily wounded.
The quokka bites you. The quokka closely misses you.
You slash the quokka!
You kill the quokka!
Your Fighting skill increases to level 5!
You have reached level 3!
Your experience leads to an increase in your attributes!
Increase (S)trength, (I)ntelligence, or (D)exterity?
You feel stronger. x2
You hit the sleepcap but do no damage. The sleepcap releases spores at you.
You hit the sleepcap but do no damage. You block the sleepcap's attack.
You hit the sleepcap.
The sleepcap is lightly damaged.
The sleepcap barely misses you. The sleepcap releases spores at you!
You hit the sleepcap but do no damage.
The sleepcap is lightly damaged.
The sleepcap releases spores at you.
* * * LOW HITPOINT WARNING * * *
You are engulfed in a cloud of soporific spores!
You fall asleep.
The sleepcap releases spores at you!
You die...

▓+▓
▓.▓
▓.▓
▓.▓
▓{▓
▓f▓
▓@▓
▓.▓
▓.▓
▓.▓
▓.▓
▓.▓
▓)▓
▓.▓
▓.▓


You could see a sleepcap.

Vanquished Creatures
  A gnoll (D)
  A white imp (D)
  An endoplasm (D)
  A hobgoblin (D)
  2 quokkas (D)
  2 kobolds (D)
8 creatures vanquished.

Notes
Turn   | Place    | Note
-------+----------+-------------------------------------------
     0 | D        | Heoruswealwe the Hill Orc Fighter began the quest for the
                  | Orb.
     0 | D        | Reached XP level 1. HP: 19/19 MP: 1/1
    11 | D        | Reached skill level 4 in Fighting
    86 | D        | Noticed an orc wizard
    86 | D        | Noticed a sleepcap
    90 | D        | Reached XP level 2. HP: 27/28 MP: 2/2
    96 | D        | Reached skill level 5 in Fighting
    96 | D        | Reached XP level 3. HP: 20/36 MP: 3/3
   100 | D        | Slain by a sleepcap

Illustrated notes

Levels and vault maps discovered:
D:        linesprint [early_d, line_temple, items_1, d_10, items_2, lair_1,
          lair_end, items_3, orc_1, orc_end, items_4, d_15, swamp_1, shoals_1,
          snake_1, spider_1, d_20, vaults_1, items_5, swamp_end, shoals_end,
          snake_end, spider_end, vaults_end, d_27, items_6, zot_1, zot_end,
          crypt_end, forest_end, elf_end, slime_end, tomb_end, abyss_end,
          pan_hell_end]

Skill      XL: |  1  2 |
---------------+-------+-----
Axes           | 4 |  4.5
Fighting       | 4 5 |  5.0
Armour         | 4 |  4.5
Shields        | 4 |  4.5

Action                     || total
---------------------------++-------
  Melee: War axe           ||    42
 Armour: Scale mail        ||    36
  Dodge: Dodged            ||    16
  Block: Buckler           ||     6
